 Dungeon Crawl Stone Soup version 0.20.1-1-g8b1a95d (webtiles) character file.

242 Minstaer the Magician (level 6, -1/32 HPs)
             Began as a Kobold Enchanter on Nov 3, 2017.
             Was a Follower of Nemelex Xobeh.
             Splashed by a jelly's acid (8 damage)
             ... on level 4 of the Dungeon.
             The game lasted 00:35:15 (5106 turns).

Minstaer the Magician (Kobold Enchanter)            Turns: 5106, Time: 00:35:18

Health: -1/32      AC:  6    Str:  5    XL:     6   Next: 31%
Magic:  20/21      EV: 14    Int: 18    God:    Nemelex Xobeh [*.....]
Gold:   212        SH:  0    Dex: 16    Spells: 4/13 levels left

rFire    . . .     SeeInvis +   a - +1 dagger
rCold    . . .     Gourm    .   (shield restricted)
rNeg     . . .     Faith    .   F - +0 leather armour (curse)
rPois    .         Spirit   .   D - +0 helmet {SInv}
rElec    .         Reflect  .   (no cloak)
rCorr    .         Harm     .   (no gloves)
MR       .....     Rnd*Tele +   h - +1 pair of boots
Stlth    ++........             (no amulet)
Regen    0.1/turn               p - ring of teleportation (curse)
MPRegen  0.2/turn               s - ring of magical power

@: very slightly contaminated
A: carnivore 3
a: Renounce Religion


You were on level 4 of the Dungeon.
You worshipped Nemelex Xobeh.
Nemelex Xobeh was aware of your devotion.
You were very full.

You visited 1 branch of the dungeon, and saw 4 of its levels.

You collected 212 gold pieces.

Inventory:

Hand Weapons
 a - a +1 dagger (weapon)
 n - a +4 mace
 o - a +0 hunting sling
 w - a +0 short sword
 E - a +0 rapier
 G - a +0 blowgun
Missiles
 f - 164 stones
 g - 13 tomahawks (quivered)
 i - 23 bolts
 H - 13 poisoned needles
 J - 2 throwing nets
Armour
 b - a +0 robe
 h - a +1 pair of boots (worn)
 D - a +0 helmet of see invisible (worn)
 F - a cursed +0 leather armour (worn)
Jewellery
 p - a cursed ring of teleportation (left hand)
 q - an uncursed ring of protection from fire
 s - a ring of magical power (right hand)
Wands
 B - a wand of digging (10/24)
Scrolls
 j - 3 scrolls of remove curse
 l - 3 scrolls of teleportation
 m - 2 scrolls of magic mapping {unknown}
 r - a scroll of random uselessness {unknown}
 v - a scroll of fear {unknown}
 z - a scroll of fog {unknown}
 L - 2 scrolls of identify
 N - a scroll of noise {unknown}
Potions
 e - a potion of heal wounds
 t - a potion of invisibility
 x - 3 potions of might {unknown}
 A - 2 potions of magic {unknown}
 C - a potion of resistance {unknown}
 I - a potion of flight {unknown}
Books
 c - a book of Maledictions

   Spells                             Type                      Level
   a - Corona                         Hexes                        1
   b - Ensorcelled Hibernation        Hexes/Ice                    2
   c - Confuse                        Hexes                        3
   d - Tukima's Dance                 Hexes                        3
   e - Dazzling Spray                 Conjuration/Hexes            3
 M - a book of Flames

   Spells                             Type                      Level
   a - Flame Tongue                   Conjuration/Fire             1
   b - Throw Flame                    Conjuration/Fire             2
   c - Conjure Flame                  Conjuration/Fire             3
   d - Inner Flame                    Hexes/Fire                   3
   e - Sticky Flame                   Conjuration/Fire             4
   f - Fireball                       Conjuration/Fire             5
Miscellaneous
 k - an ornate deck of escape {drawn: 2}
 y - a legendary deck of summoning
Comestibles
 d - 4 meat rations
 u - 2 royal jellies
 K - 4 chunks of flesh


   Skills:
 + Level 3.8 Short Blades
 - Level 2.4 Dodging
 - Level 4.0 Stealth
 - Level 4.1 Spellcasting
 - Level 4.0 Hexes
 - Level 2.2 Ice Magic


You had 4 spell levels left.
You knew the following spells:

 Your Spells              Type           Power        Failure   Level  Hunger
a - Corona                Hex            ###....      4%          1    None
b - Ensorcelled Hibernat  Hex/Ice        ##....       11%         2    ##.....
c - Confuse               Hex            ###.....     14%         3    ###....
d - Tukima's Dance        Hex            ###.....     14%         3    ###....


Dungeon Overview and Level Annotations

Branches:
Dungeon (4/15)
 Temple: D:4-7

Altars:
Ashenzari
Nemelex Xobeh
Qazlal


Innate Abilities, Weirdness & Mutations

You are small and have problems with some larger weapons.
You are carnivorous and can eat meat at any time.


Message History

The jelly misses you.
Casting: Corona
Confirm with . or Enter, or press ? or * to list all spells.
Aiming: Corona
Press: ? - help, Shift-Dir - straight line, f/p - jelly
Aim: a jelly (severely wounded, chance to defeat MR: 65%)
The jelly barely resists.
The jelly hits you but does no damage.
You hit the jelly.
Your hands burn!
The jelly is almost dead.
You completely miss the jelly.
The jelly is almost dead.
The jelly barely misses you.
You hit the jelly.
Your hands burn!
* * * LOW HITPOINT WARNING * * *
The jelly is almost dead.
The jelly hits you.
* * * LOW HITPOINT WARNING * * *
You are splashed with acid!
The acid burns!
You die...
Your body glows slightly and disappears.

..............
....>.######.#
......######.#
..........##.#
#.....###.##.# .###..#
#.##.# . ....# #.##.#
##.#.###.##.########.#
.###..........@J....#
## #.#################


You could see a jelly.

Vanquished Creatures
  An iguana (D:4)
  4 gnolls (D:2)
  6 adders
  4 dart slugs
  4 leopard geckos
  7 orcs (D:3)
  14 giant cockroaches
  18 goblins
  13 hobgoblins
  2 quokkas
  7 bats
  A frilled lizard (D:1)
  10 kobolds
  8 rats
99 creatures vanquished.

Notes
Turn   | Place    | Note
-------+----------+-------------------------------------------
     0 | D:1      | Minstaer the Kobold Enchanter began the quest for the Orb.
     0 | D:1      | Reached XP level 1. HP: 10/10 MP: 3/3
   260 | D:1      | Reached XP level 2. HP: 7/15 MP: 2/5
   439 | D:1      | Learned a level 2 spell: Ensorcelled Hibernation
  1060 | D:1      | Reached XP level 3. HP: 19/19 MP: 7/7
  1230 | D:1      | Learned a level 3 spell: Confuse
  1804 | D:1      | Found a sparkling altar of Nemelex Xobeh.
  1869 | D:1      | Became a worshipper of Nemelex Xobeh the Trickster
  2187 | D:1      | Reached XP level 4. HP: 21/24 MP: 3/8
  2275 | D:2      | Received a gift from Nemelex Xobeh
  2369 | D:2      | Found a shattered altar of Ashenzari.
  2578 | D:2      | Found a stormy altar of Qazlal.
  2851 | D:2      | Reached skill level 1 in Ice Magic
  2901 | D:2      | Reached XP level 5. HP: 10/28 MP: 1/10
  3516 | D:3      | Received a gift from Nemelex Xobeh
  3534 | D:3      | Found a shattered altar of Ashenzari.
  3639 | D:3      | Reached * piety under Nemelex Xobeh
  3938 | D:3      | Learned a level 3 spell: Tukima's Dance
  4179 | D:3      | Reached XP level 6. HP: 23/32 MP: 9/12
  5106 | D:4      | Splashed by a jelly's acid

Skill      XL: |  1  2  3  4  5  6 |
---------------+-------------------+-----
Spellcasting   | 3 4 |  4.1
Hexes          | 4 |  4.0
Ice Magic      | 1 2 |  2.2
Short Blades   | 2 3 |  3.8
Dodging        | |  2.4
Stealth        | |  4.0

Action                   |  1- 3 |  4- 6 || total
-------------------------+-------+-------++-------
Melee: Dagger            |   158 |   186 ||   344
       Rapier            |       |    75 ||    75
Throw: Stone             |     4 |       ||     4
       Tomahawk          |     5 |    18 ||    23
 Cast: Corona            |    19 |    26 ||    45
       Ensorcelled Hiber |    10 |    17 ||    27
Evoke: Deck              |       |     2 ||     2
  Use: Scroll            |       |     4 ||     4
 Stab: Sleeping          |     7 |    19 ||    26
       Distracted        |     1 |       ||     1
  Eat: Chunk             |    12 |    11 ||    23
Armor: Robe              |    19 |    28 ||    47
       Leather armour    |       |    29 ||    29
Dodge: Dodged            |   107 |   230 ||   337
